 Dungeon Crawl Stone Soup version 0.17.0-22-g5edae84 (webtiles) character file.

1738 oplop the Nimble (level 9, -2/85 HPs)
             Began as a Merfolk Ice Elementalist on Nov 12, 2015.
             Killed by divine providence
             ... invoked by an orc priest
              (17 damage)
             ... on level 6 of the Dungeon.
             The game lasted 00:16:31 (7190 turns).

oplop the Nimble (Merfolk Ice Elementalist)         Turns: 7190, Time: 00:16:31

Health: -2/85      AC: 24    Str: 14    XL:     9   Next: 5%
Magic:  9/18       EV:  2    Int: 16    God:
Gold:   290        SH:  0    Dex: 20    Spells: 5 memorised, 4 levels left

rFire  . . .     SeeInvis .     s - +2 whip (freeze)
rCold  . . .     Clarity  .     (armour currently unavailable)
rNeg   + + +     SustAt   .     (no shield)
rPois  +         Gourm    +     (helmet currently unavailable)
rElec  .         Spirit   .     (cloak currently unavailable)
rCorr  .         Warding  .     (gloves currently unavailable)
rMut   .         NoTele   +     (boots currently unavailable)
MR     .....                    j - amulet of the gourmand
Stlth  ++++......               (no ring)
                                (no ring)

@: mighty, agile, lethally poisoned (-2 -> -2), tree-form (expiring), not
resistant to hostile enchantments, stealthy
A: (change form in water), (swift swim)
a: no special abilities


You were on level 6 of the Dungeon.
You were not hungry.
You were a tree.
You visited 1 branch of the dungeon, and saw 6 of its levels.

You collected 290 gold pieces.

Inventory:

Hand Weapons
 f - a +0 short sword
 n - a +0 spear
 s - a +2 whip of freezing (weapon)
 A - a +1 halberd
Armour
 g - a +2 helmet (melded)
 k - a +0 pair of boots (melded)
 C - a +0 robe of resistance (melded)
Jewellery
 j - an amulet of the gourmand (around neck)
Wands
 u - a wand of paralysis (22)
 y - a wand of slowing (19)
Scrolls
 h - a scroll of teleportation {unknown}
 i - 10 scrolls of identify {unknown}
 m - a scroll of remove curse
Potions
 o - a potion of might
 p - a potion of lignification
 q - a potion of resistance
 x - a potion of agility
Books
 b - a book of Frost

   Spells                             Type                      Level
   a - Freeze                         Ice                          1
   b - Throw Frost                    Conjuration/Ice              2
   c - Ozocubu's Armour               Charms/Ice                   3
   d - Throw Icicle                   Conjuration/Ice              4
   e - Summon Ice Beast               Ice/Summoning                4
   f - Condensation Shield            Ice                          4
Comestibles
 c - 4 bread rations
 d - 2 beef jerkies
 B - a slice of pizza


   Skills:
 + Level 8.7 Dodging
 - Level 2.1 Stealth
 + Level 6.0 Spellcasting
 - Level 0.7 Conjurations
 * Level 2.2 Summonings
 + Level 7.8 Ice Magic


You had 4 spell levels left.
You knew the following spells:

 Your Spells              Type           Power        Failure   Level  Hunger
a - Freeze                Ice            ####         1%          1    None
b - Ozocubu's Armour      Chrm/Ice       ###.....     12%         3    ##.....
c - Condensation Shield   Ice            ####......   8%          4    ####...
d - Throw Icicle          Conj/Ice       ###.....     28%         4    ####...
e - Summon Ice Beast      Ice/Summ       ###.....     17%         4    ####...


Dungeon Overview and Level Annotations

Branches:
Dungeon (6/15)
 Temple: D:4-7

Altars:
Elyvilon
Gozag
Kikubaaqudgha
Sif Muna
Trog
Xom

Annotations:
D:2 Crazy Yiuf
D:3 oplop's ghost, amateur MfIE


Message History

You kill the giant newt!
The jackal bites you but does no damage.
The orc priest calls down the wrath of Beogh upon you.
You are unaffected.
The orc wizard hits you but does no damage.
Casting: Freeze
Confirm with . or Enter, or press ? or * to list all spells.
Aiming: Freeze
Press: ? - help, Shift-Dir - straight line, f - orc wizard
Aim: an orc wizard, wielding a club and wearing a robe (fast)
You freeze the orc wizard.
The orc wizard is severely wounded.
You feel sick.
The jackal bites you but does no damage.
The giant frog zombie hits you but does no damage.
The orc wizard gestures wildly while chanting.
The orc wizard blinks!
The orc priest mumbles some strange prayers to Beogh against you.
Something smites you!
You die...

#...........[..
#...........)..
#....o)......).
########..........†...
......................
#########....)........
.....o##.............#
###oh..######.######
#oZ♣§...### #.#
#....oo#####...# #.###
#...### ###.# #...#
..# #.# ###.## # #)##
#>.# #..# ##.# ###
##.## #.## ##.## #..#
#..# #..<# ##.# ##.#


You could see an orc priest, 3 orc wizards, 2 orcs, a giant frog zombie and a
jackal.

Vanquished Creatures
  Eustachio (D:5)
  Menkaure (D:5)
  2 ogres
  A sky beast (D:5)
  A centaur (D:5)
  A scorpion (D:6)
  6 killer bees (D:6)
  2 giant frog zombies (D:5)
  A quasit (D:5)
  A crimson imp (D:6)
  2 hounds
  2 orc priests
  Jessica (D:5)
  7 worker ants
  Natasha (thrice) (D:3)
  2 orc wizards
  10 gnolls
  6 adders
  2 shadow imps
  3 oozes
  An adder skeleton (D:5)
  3 worms (D:3)
  A giant gecko (D:2)
  18 orcs
  4 ball pythons
  3 bats
  3 giant cockroaches
  6 goblins
  7 hobgoblins
  11 jackals
  A quokka (D:3)
  11 giant newts
  A jackal skeleton (D:5)
  10 kobolds
  2 quokka zombies (D:5)
  10 rats
147 creatures vanquished.

Notes
Turn   | Place    | Note
--------------------------------------------------------------
     0 | D:1      | oplop the Merfolk Ice Elementalist began the quest for the Orb.
     0 | D:1      | Reached XP level 1. HP: 13/13 MP: 3/3
   465 | D:1      | Reached XP level 2. HP: 10/19 MP: 1/5
  1255 | D:1      | Reached XP level 3. HP: 10/24 MP: 1/6
  1396 | D:2      | Noticed Crazy Yiuf
  1471 | D:2      | Found a shimmering altar of Xom.
  1622 | D:2      | Reached skill level 4 in Ice Magic
  1653 | D:2      | Reached XP level 4. HP: 20/30 MP: 1/7
  2316 | D:3      | Noticed oplop's ghost (amateur MfIE)
  2777 | D:3      | Noticed Natasha
  2798 | D:3      | Killed Natasha
  2798 | D:3      | Reached XP level 5. HP: 17/35 MP: 1/9
  3269 | D:3      | Noticed Natasha
  3273 | D:3      | Killed Natasha
  3690 | D:3      | Reached skill level 5 in Dodging
  3841 | D:3      | Noticed Natasha
  3844 | D:3      | Killed Natasha
  4026 | D:4      | Learned a level 3 spell: Ozocubu's Armour
  4106 | D:4      | Reached skill level 5 in Ice Magic
  4106 | D:4      | Reached XP level 6. HP: 35/41 MP: 11/11
  4818 | D:4      | Noticed a phantom
  4866 | D:5      | Entered Level 5 of the Dungeon
  4927 | D:5      | Found an opulent altar of Gozag.
  5079 | D:5      | Noticed Eustachio
  5101 | D:5      | Killed Eustachio
  5101 | D:5      | Reached skill level 6 in Dodging
  5101 | D:5      | Reached XP level 7. HP: 19/46 MP: 2/13
  5242 | D:5      | Found a bloodstained altar of Trog.
  5379 | D:5      | Found an ancient bone altar of Kikubaaqudgha.
  5549 | D:5      | Noticed Jessica
  5553 | D:5      | Noticed Menkaure
  5953 | D:5      | Found a white marble altar of Elyvilon.
  6225 | D:5      | Killed Jessica
  6225 | D:5      | Reached skill level 7 in Dodging
  6241 | D:5      | Found a deep blue altar of Sif Muna.
  6277 | D:5      | Reached XP level 8. HP: 29/52 MP: 15/15
  6373 | D:5      | Reached skill level 5 in Spellcasting
  6743 | D:5      | Killed Menkaure
  6743 | D:5      | Reached skill level 8 in Dodging
  6826 | D:6      | Learned a level 4 spell: Condensation Shield
  6831 | D:6      | Learned a level 4 spell: Throw Icicle
  7121 | D:6      | Learned a level 4 spell: Summon Ice Beast
  7152 | D:6      | Reached skill level 1 in Summonings
  7171 | D:6      | Reached XP level 9. HP: 21/57 MP: 0/17
  7190 | D:6      | Killed from afar by an orc priest

Action                   |  1- 3 |  4- 6 |  7- 9 || total
-------------------------+-------+-------+-------++-------
Melee: Unarmed           |    23 |       |       ||    23
       Short sword       |    33 |    26 |       ||    59
       Spear             |       |    84 |       ||    84
       Whip              |       |    45 |   160 ||   205
 Cast: Freeze            |    32 |   109 |    99 ||   240
       Ozocubu's Armour  |       |     1 |     5 ||     6
       Summon Ice Beast  |       |       |     1 ||     1
Evoke: Wand              |       |     2 |     3 ||     5
  Use: Scroll            |       |       |     7 ||     7
       Potion            |       |       |    10 ||    10
 Stab: Sleeping          |     2 |     7 |     1 ||    10
       Distracted        |       |       |     1 ||     1
  Eat: Chunk             |     2 |     7 |    11 ||    20
       Royal jelly       |       |     1 |       ||     1
       Beef jerky        |       |     1 |       ||     1
       Meat ration       |       |     1 |       ||     1
